 Dungeon Crawl Stone Soup version 0.26.1-11-gd32895ea62 (webtiles) character file.

Game seed: 7796418600437859735

30181 Hugehornet the Blocker (level 13, -1/98 (104) HPs)
             Began as a Gnoll Fighter on July 17, 2021.
             Was the Champion of Okawaru.
             Slain by a bog body (11 damage)
             ... on level 4 of the Lair of Beasts.
             The game lasted 00:47:53 (14682 turns).

Hugehornet the Blocker (Gnoll Fighter)             Turns: 14682, Time: 00:47:54

HP:   -1/98 (104)   AC: 27    Str: 20    XL:     13   Next: 50%
MP:   19/25         EV: 10    Int: 15    God:    Okawaru [******]
Gold: 828           SH: 14    Dex: 14    Spells: 28/28 levels left

rFire    + . .     SeeInvis .   I - +1 war axe (elec)
rCold    + . .     Faith    .   c - +0 kite shield
rNeg     . . .     Spirit   .   R - +0 gold dragon scales
rPois    +         Reflect  .   k - +0 helmet
rElec    .         Harm     .   b - +0 cloak
rCorr    .         Rampage  .   a - +0 pair of gloves
Will     +....                  U - +0 pair of boots
Stlth    ..........             E - amulet of regeneration
HPRegen  0.66/turn              j - ring of willpower
MPRegen  0.19/turn              D - ring of poison resistance

@: lethally poisoned (-1 -> -1), heroism, finesse, slowed, drained, very slow
A: distributed training, fangs 1, strong nose
a: Renounce Religion, Heroism, Finesse


You were on level 4 of the Lair of Beasts.
You worshipped Okawaru.
Okawaru was exalted by your worship.
You visited 3 branches of the dungeon, and saw 16 of its levels.

You collected 828 gold pieces.

Inventory:

Hand Weapons
 s - the +8 shortbow of Haunted Tortfeasance {flame, rElec Stlth+, unknown}
   (You found it on level 11 of the Dungeon)

   It causes projectiles fired from it to burn those they strike, causing extra
   injury to most foes and up to half again as much damage against particularly
   susceptible opponents.
   It insulates you from electricity.
   It makes you more stealthy.
 B - a +2 morningstar of freezing
 H - a +3 scimitar of freezing
 I - a +1 war axe of electrocution (weapon)
 L - a +4 arbalest of freezing
 N - a +0 trident
Missiles
 t - a curare-tipped dart (quivered)
 w - 15 javelins
 W - 4 atropa-tipped darts
Armour
 a - a +0 pair of gloves (worn)
 b - a +0 cloak (worn)
 c - a +0 kite shield (worn)
 k - a +0 helmet (worn)
 q - a +0 plate armour
 R - +0 gold dragon scales (worn)
 U - a +0 pair of boots (worn)
Jewellery
 j - a ring of willpower (left hand)
 D - a ring of poison resistance (right hand)
 E - an amulet of regeneration (around neck)
Wands
 p - a wand of digging (3)
 u - a wand of polymorph (4)
 A - a wand of enslavement (7)
 K - a wand of iceblast (11)
 Q - a wand of disintegration (16)
 T - a wand of flame (53)
Scrolls
 d - 2 scrolls of fear {unknown}
 e - 3 scrolls of teleportation
 h - 3 scrolls of amnesia {unknown}
 l - 2 scrolls of random uselessness {unknown}
 n - a scroll of noise {unknown}
 r - 7 scrolls of immolation {unknown}
 x - 2 scrolls of fog {unknown}
 y - 4 scrolls of enchant armour {unknown}
 J - a scroll of torment {unknown}
 M - 3 scrolls of magic mapping {unknown}
 P - a scroll of holy word {unknown}
 V - 2 scrolls of blinking {unknown}
 Y - 2 scrolls of enchant weapon {unknown}
 Z - 7 scrolls of remove curse
Potions
 f - 2 potions of lignification
 g - 4 potions of brilliance
 i - 5 potions of curing
 m - 2 potions of attraction
 o - 2 potions of haste
 z - a potion of flight
 C - a potion of cancellation
 F - a potion of invisibility
 G - 2 potions of might
 S - 2 potions of magic
 X - a potion of ambrosia
Miscellaneous
 v - a tin of tremorstones (2/2)


   Skills:
 + Level 10.5(15.5) Fighting
 + Level 8.3(13.3) Short Blades
 + Level 8.3(13.3) Long Blades
 + Level 9.5(14.5) Axes
 + Level 8.3(13.3) Maces & Flails
 + Level 8.3(13.3) Polearms
 + Level 8.3(13.3) Staves
 + Level 8.3(13.3) Slings
 + Level 8.3(13.3) Bows
 + Level 8.3(13.3) Crossbows
 + Level 8.3(13.3) Throwing
 + Level 10.5(15.5) Armour
 + Level 8.3(13.3) Dodging
 + Level 8.3(13.3) Stealth
 + Level 10.5(15.5) Shields
 + Level 8.3(13.3) Unarmed Combat
 + Level 8.3 Spellcasting
 + Level 6.9 Conjurations
 + Level 6.9 Hexes
 + Level 6.9 Summonings
 + Level 6.9 Necromancy
 + Level 6.9 Translocations
 + Level 6.9 Transmutations
 + Level 6.9 Fire Magic
 + Level 6.9 Ice Magic
 + Level 6.9 Air Magic
 + Level 6.9 Earth Magic
 + Level 6.9 Poison Magic
 + Level 9.1 Invocations
 + Level 8.3 Evocations


You had 28 spell levels left.
You didn't know any spells.
Your spell library was empty.

Dungeon Overview and Level Annotations

Branches:
Dungeon (11/15)            Temple (1/1) D:5            Lair (4/6) D:10
 Spider (0/4) Lair:4          Orc (0/2) D:11
  Swamp: Lair:2-4    Shoals: Lair:2-4

Altars:
Ashenzari
Cheibriados
Dithmenos
Elyvilon
Fedhas
Gozag
Hepliaklqana
Kikubaaqudgha
Makhleb
Nemelex Xobeh
Okawaru
Qazlal
Ru
Sif Muna
Trog
Uskayaw
Vehumet
Wu Jian
Xom
Yredelemnul
Zin
The Shining One
Beogh

Shops:
D:9 *(

Annotations:
Lair:1 exclusion: 4 oklob plants
Lair:2 exclusion: 3 oklob plants


Innate Abilities, Weirdness & Mutations

Your experience applies equally to all skills.
You have very sharp teeth.
Your uncanny sense of smell can sniff out nearby items.


Message History

* * * LOW HITPOINT WARNING * * *
The bog body freezes you. You resist.
* * * LOW HITPOINT WARNING * * *
You block the hell rat's attack. The bog body completely misses you.
The hell rat bites you but does no damage.
You hit the bog body.
The bog body is lightly damaged.
You slash the hell rat! Lightning courses through the hell rat!
You kill the hell rat!
Okawaru accepts your kill.
You feel sick.
You barely miss the bog body.
The bog body is lightly damaged.
You block the bog body's attack.
You closely miss the bog body.
The bog body is lightly damaged.
You feel sick. The bog body touches you!
* * * LOW HITPOINT WARNING * * *
The bog body freezes you! You resist.
You die...

..........## ####.......
..........?####...####.#
##......
.............#..........
###....
........###..#..........
#....#
......####P^††..........
###### .#..#
##............. .##
#............. #
#....†........ #
...#....@n....# ♣
...P..†.........
...............♣
......#.......⌠.
....#....#....⌠.
....##.#.###...♣ .#.
#...# ##.. # ##.## #P


You could see a bog body.

Vanquished Creatures
  A boulder beetle (Lair:3)
  2 hydras
  Harold (Lair:2)
  A centaur warrior (D:8)
  3 two-headed ogres
  2 unseen horrors
  2 cyclopes (D:8)
  3 ugly things
  2 black mambas (Lair:2)
  9 cane toads
  A kobold demonologist (D:9)
  4 komodo dragons
  A troll (D:9)
  2 polar bears
  3 jumping spiders (Lair:4)
  Grinder (D:3)
  13 blink frogs
  A redback (Lair:4)
  2 shadows (D:11)
  25 yaks
  Sigmund (D:6)
  A wyvern (D:11)
  2 basilisks (Lair:2)
  Menkaure (D:6)
  2 wargs (D:10)
  6 water moccasins
  A two-headed ogre zombie (D:11)
  Duvessa (D:6)
  6 ice beasts
  3 orc warriors
  A sky beast (D:3)
  3 phantoms
  6 centaurs
  6 ogres
  16 wolves
  6 bullfrogs
  2 big kobolds
  Dowan (D:6)
  6 scorpions
  8 killer bees
  5 troll zombies (D:11)
  8 wights
  A howler monkey (D:4)
  An electric eel (Lair:3)
  A lava snake (Lair:3)
  3 centaur zombies
  2 quasits
  A bullfrog zombie (D:6)
  A bullfrog skeleton (D:8)
  2 centaur skeletons (D:10)
  11 orc wizards
  A gnoll shaman (D:9)
  6 hounds
  3 iguanas
  5 jellies
  8 orc priests
  Jessica (D:3)
  Ijyb (D:3)
  12 hell rats
  8 worker ants
  2 ogre zombies (D:11)
  A worker ant zombie (D:8)
  15 gnolls
  13 adders
  2 white imps
  3 ufetubi
  An ooze (D:1)
  2 adder skeletons (D:6)
  3 worms (D:2)
  6 dart slugs
  9 leopard geckos
  54 orcs
  A ball python (D:3)
  3 bats
  2 giant cockroaches
  2 goblins
  9 hobgoblins
  8 jackals
  5 quokkas
  3 frilled lizards
  4 goblin skeletons (D:11)
  3 goblin zombies (D:11)
  3 hobgoblin skeletons (D:11)
  3 hobgoblin zombies (D:11)
  16 kobolds
  12 orc zombies (D:11)
  2 quokka zombies
  12 rats
438 creatures vanquished.

Vanquished Creatures (others)
  8 fungi
  11 plants
19 creatures vanquished.

Grand Total: 457 creatures vanquished

Notes
Turn   | Place    | Note
-------+----------+-------------------------------------------
     0 | D:1      | Hugehornet the Gnoll Fighter began the quest for the Orb.
     0 | D:1      | Reached XP level 1. HP: 23/23 MP: 1/1
    92 | D:1      | Reached XP level 2. HP: 29/29 MP: 2/2
   307 | D:1      | Reached XP level 3. HP: 33/35 MP: 3/3
   819 | D:1      | Reached skill level 1 in Invocations
  1043 | D:2      | Reached skill level 1 in Short Blades
  1043 | D:2      | Reached skill level 1 in Long Blades
  1043 | D:2      | Reached skill level 1 in Maces & Flails
  1043 | D:2      | Reached skill level 1 in Polearms
  1043 | D:2      | Reached skill level 1 in Staves
  1043 | D:2      | Reached skill level 1 in Slings
  1043 | D:2      | Reached skill level 1 in Bows
  1043 | D:2      | Reached skill level 1 in Crossbows
  1043 | D:2      | Reached skill level 1 in Throwing
  1043 | D:2      | Reached skill level 1 in Dodging
  1043 | D:2      | Reached skill level 1 in Stealth
  1043 | D:2      | Reached skill level 1 in Unarmed Combat
  1043 | D:2      | Reached skill level 1 in Spellcasting
  1043 | D:2      | Reached skill level 1 in Evocations
  1054 | D:2      | Reached XP level 4. HP: 31/41 MP: 5/5
  1061 | D:2      | Reached skill level 1 in Conjurations
  1061 | D:2      | Reached skill level 1 in Hexes
  1061 | D:2      | Reached skill level 1 in Summonings
  1061 | D:2      | Reached skill level 1 in Necromancy
  1061 | D:2      | Reached skill level 1 in Translocations
  1061 | D:2      | Reached skill level 1 in Transmutations
  1061 | D:2      | Reached skill level 1 in Fire Magic
  1061 | D:2      | Reached skill level 1 in Ice Magic
  1061 | D:2      | Reached skill level 1 in Air Magic
  1061 | D:2      | Reached skill level 1 in Earth Magic
  1061 | D:2      | Reached skill level 1 in Poison Magic
  1251 | D:2      | Reached XP level 5. HP: 47/47 MP: 6/6
  1517 | D:2      | You fall into a shaft and drop 1 floor!
  1517 | D:3      | Noticed Grinder
  1518 | D:3      | Noticed a sky beast
  1539 | D:3      | Killed Grinder
  1540 | D:3      | Reached skill level 5 in Axes
  1540 | D:3      | Reached XP level 6. HP: 53/53 MP: 7/9
  1567 | D:3      | Killed a sky beast
  1744 | D:3      | Noticed Jessica
  1750 | D:3      | Killed Jessica
  1751 | D:3      | Reached XP level 7. HP: 56/59 MP: 10/10
  1755 | D:3      | Noticed Ijyb
  1773 | D:3      | Killed Ijyb
  3397 | D:4      | Reached XP level 8. HP: 67/67 MP: 12/12
  3446 | D:5      | Entered Level 5 of the Dungeon
  3455 | D:5      | Found a staircase to the Ecumenical Temple.
  3461 | Temple   | Entered the Ecumenical Temple
  3679 | Temple   | Became a worshipper of Warmaster Okawaru
  4332 | D:5      | Found a bloodstained altar of Trog.
  4341 | D:5      | Found a glowing golden altar of the Shining One.
  4424 | D:6      | Noticed Dowan
  4426 | D:6      | Noticed Duvessa
  4442 | D:6      | Killed Duvessa
  4442 | D:6      | Reached * piety under Okawaru
  4512 | D:6      | Killed Dowan
  4552 | D:6      | Noticed Menkaure
  4565 | D:6      | Killed Menkaure
  4699 | D:6      | Found a runed translucent door.
  4766 | D:6      | Reached XP level 9. HP: 33/72 MP: 14/14
  5067 | D:6      | Reached ** piety under Okawaru
  5193 | D:6      | Noticed Sigmund
  5198 | D:6      | Killed Sigmund
  5568 | D:6      | Found a roughly hewn altar of Beogh.
  5782 | D:7      | Got a faintly glowing whip
  5783 | D:7      | Identified the cursed +1 whip of Lyoj {vorpal, rPois Will+}
                  | (You found it on level 7 of the Dungeon)
  5820 | D:7      | Reached skill level 5 in Invocations
  6337 | D:8      | Reached *** piety under Okawaru
  6352 | D:8      | Noticed a cyclops
  6367 | D:8      | Killed a cyclops
  6367 | D:8      | Received a gift from Okawaru
  6368 | D:8      | Reached XP level 10. HP: 66/80 MP: 17/17
  6399 | D:8      | Reached skill level 5 in Short Blades
  6399 | D:8      | Reached skill level 5 in Long Blades
  6399 | D:8      | Reached skill level 5 in Maces & Flails
  6399 | D:8      | Reached skill level 5 in Polearms
  6399 | D:8      | Reached skill level 5 in Staves
  6399 | D:8      | Reached skill level 5 in Slings
  6399 | D:8      | Reached skill level 5 in Bows
  6399 | D:8      | Reached skill level 5 in Crossbows
  6399 | D:8      | Reached skill level 5 in Throwing
  6399 | D:8      | Reached skill level 5 in Dodging
  6399 | D:8      | Reached skill level 5 in Stealth
  6399 | D:8      | Reached skill level 5 in Unarmed Combat
  6399 | D:8      | Reached skill level 5 in Spellcasting
  6399 | D:8      | Reached skill level 5 in Evocations
  6955 | D:8      | Noticed a centaur warrior
  6965 | D:8      | Killed a centaur warrior
  7023 | D:8      | Killed an unseen horror
  7023 | D:8      | Reached **** piety under Okawaru
  7023 | D:8      | Received a gift from Okawaru
  7188 | D:8      | Noticed a cyclops
  7202 | D:8      | Killed a cyclops
  7566 | D:9      | Found Jutsesk's Weapon Shop.
  7566 | D:9      | Noticed a two-headed ogre
  7584 | D:9      | Killed a two-headed ogre
  7654 | D:9      | Noticed an eight-headed hydra
  7670 | D:9      | Killed an eight-headed hydra
  7670 | D:9      | Reached ***** piety under Okawaru
  7671 | D:9      | Reached XP level 11. HP: 39/89 MP: 17/19
  7803 | D:9      | Found Lukhi's Demolitions Depot.
  7830 | D:9      | Noticed a sixfirhy
  7837 | D:9      | Noticed a soul eater
  7852 | D:9      | Reached skill level 5 in Conjurations
  7852 | D:9      | Reached skill level 5 in Hexes
  7852 | D:9      | Reached skill level 5 in Summonings
  7852 | D:9      | Reached skill level 5 in Necromancy
  7852 | D:9      | Reached skill level 5 in Translocations
  7852 | D:9      | Reached skill level 5 in Transmutations
  7852 | D:9      | Reached skill level 5 in Fire Magic
  7852 | D:9      | Reached skill level 5 in Ice Magic
  7852 | D:9      | Reached skill level 5 in Air Magic
  7852 | D:9      | Reached skill level 5 in Earth Magic
  7852 | D:9      | Reached skill level 5 in Poison Magic
  8249 | D:9      | Noticed a green ugly thing
  8256 | D:9      | Killed a green ugly thing
  8350 | D:10     | Entered Level 10 of the Dungeon
  8439 | D:10     | Found a shadowy altar of Dithmenos.
  8528 | D:10     | Found a staircase to the Lair.
  8652 | D:10     | Killed an unseen horror
  8689 | D:10     | Noticed a two-headed ogre
  8700 | D:10     | Killed a two-headed ogre
  8700 | D:10     | Received a gift from Okawaru
  8704 | D:10     | Got a transparent scale mail {god gift}
  8720 | D:10     | Identified the +0 scale mail of Too Many Cooks {Int+5
                  | Stlth+} (Okawaru gifted it to you on level 10 of the
                  | Dungeon)
  8766 | D:10     | Reached ****** piety under Okawaru
  8968 | D:10     | Got a jade-encrusted leather armour
  8979 | D:10     | Identified the +1 leather armour of Seigh {rElec rC+++
                  | Str-3} (You found it on level 10 of the Dungeon)
  9011 | D:10     | Noticed a two-headed ogre
  9020 | D:10     | Killed a two-headed ogre
  9128 | D:10     | Reached XP level 12. HP: 93/96 MP: 22/22
  9298 | D:11     | Found a staircase to the Orcish Mines.
 10269 | D:11     | Got a glimmering shortbow
 10331 | Lair:1   | Entered Level 1 of the Lair of Beasts
 10701 | Lair:1   | Received a gift from Okawaru
 11430 | Lair:2   | Paralysed by a floating eye for 4 turns
 11459 | Lair:2   | Reached skill level 10 in Fighting
 11459 | Lair:2   | Reached skill level 10 in Armour
 11459 | Lair:2   | Reached skill level 10 in Shields
 11533 | Lair:2   | Noticed Harold
 11541 | Lair:2   | Killed Harold
 11885 | Lair:2   | Received a gift from Okawaru
 11886 | Lair:2   | Reached XP level 13. HP: 100/103 MP: 24/24
 11988 | Lair:2   | Received a gift from Okawaru
 14000 | Lair:4   | Found a hole to the Spider Nest.
 14204 | Lair:4   | Received a gift from Okawaru
 14682 | Lair:4   | Slain by a bog body

Illustrated notes

Levels and vault maps discovered:
D:1:      sevenhm_arrival_forest_fort_small_6, layout_basic, minmay_pentomino_x4
D:2:      layout_rooms
D:3:      layout_basic, serial_bayou, serial_bayou_shore_b, serial_bayou_pond_d,
          serial_bayou_ford_a, serial_bayou_crossing, uniq_grinder,
          uniq_jessica, uniq_ijyb
D:4:      layout_gridville, lemuel_old_faithful
D:5:      layout_rooms, nicolae_overflow_hidden_temple,
          minmay_temple_entry_tees, minmay_statues_item
D:6:      layout_basic, chequers_garden, lightli_church_of_beogh, uniq_menkaure,
          uniq_sigmund, uniq_duvessa
D:7:      layout_basic
D:8:      minmay_diamond_stairs, layout_loops_ring
D:9:      layout_cave_pools, serial_shops, nicolae_shop_crystal,
          nicolae_blasting_shop
D:10:     layout_roguey, erik_lair_orcish_takeover,
          grunt_dithmenos_smoke_and_mirrors
D:11:     layout_loops_cross, zombieorc2_lemuel
Temple:   regret_index_temple_chain_breaker
Lair:1:   dpeg_oklob_gauntlet, layout_long_grid
Lair:2:   layout_small_grid, serial_bayou_pond_a, disabler_island, uniq_harold
Lair:3:   layout_gridlike, beast_lair_carwin_11
Lair:4:   layout_cave_pods, nicolae_swamp_entry_splash_gauntlet,
          nicolae_spider_entry_tight_spaces

Skill      XL: |  1  2  3  4  5  6  7  8  9 10 11 12 13 |
---------------+----------------------------------------+-----
Invocations    | 1 2 3 4 5 6 7 8 9 |  9.1
Short Blades   | 1 2 3 4 5 6 7 8 |  8.3
Long Blades    | 1 2 3 4 5 6 7 8 |  8.3
Maces & Flails | 1 2 3 4 5 6 7 8 |  8.3
Polearms       | 1 2 3 4 5 6 7 8 |  8.3
Staves         | 1 2 3 4 5 6 7 8 |  8.3
Slings         | 1 2 3 4 5 6 7 8 |  8.3
Bows           | 1 2 3 4 5 6 7 8 |  8.3
Crossbows      | 1 2 3 4 5 6 7 8 |  8.3
Throwing       | 1 2 3 4 5 6 7 8 |  8.3
Dodging        | 1 2 3 4 5 6 7 8 |  8.3
Stealth        | 1 2 3 4 5 6 7 8 |  8.3
Unarmed Combat | 1 2 3 4 5 6 7 8 |  8.3
Spellcasting   | 1 2 3 4 5 6 7 8 |  8.3
Evocations     | 1 2 3 4 5 6 7 8 |  8.3
Conjurations   | 1 2 3 4 5 6 |  6.9
Hexes          | 1 2 3 4 5 6 |  6.9
Summonings     | 1 2 3 4 5 6 |  6.9
Necromancy     | 1 2 3 4 5 6 |  6.9
Translocations | 1 2 3 4 5 6 |  6.9
Transmutations | 1 2 3 4 5 6 |  6.9
Fire Magic     | 1 2 3 4 5 6 |  6.9
Ice Magic      | 1 2 3 4 5 6 |  6.9
Air Magic      | 1 2 3 4 5 6 |  6.9
Earth Magic    | 1 2 3 4 5 6 |  6.9
Poison Magic   | 1 2 3 4 5 6 |  6.9
Axes           | 5 6 7 8 9 |  9.5
Fighting       | 7 8 9 10 | 10.5
Armour         | 7 8 9 10 | 10.5
Shields        | 7 8 9 10 | 10.5

Action                   |  1- 3 |  4- 6 |  7- 9 | 10-12 | 13-15 || total
-------------------------+-------+-------+-------+-------+-------++-------
Melee: War axe           |    92 |    91 |   374 |   618 |   163 ||  1338
       Bite              |    11 |     8 |    51 |    90 |    17 ||   177
       Whip              |       |       |    73 |       |       ||    73
       Scimitar          |       |       |     8 |    11 |       ||    19
       Morningstar       |       |       |       |    12 |     9 ||    21
Throw: Dart              |       |       |     4 |       |       ||     4
       Javelin           |       |       |     2 |       |       ||     2
Invok: Heroism           |       |       |       |     2 |     2 ||     4
       Finesse           |       |       |       |     1 |     2 ||     3
Evoke: Wand              |       |       |     1 |       |       ||     1
  Use: Scroll            |     4 |       |     5 |     7 |     2 ||    18
       Potion            |     2 |       |     4 |     8 |     1 ||    15
Armor: Scale mail        |     9 |       |       |       |       ||     9
       Chain mail        |    34 |    48 |    13 |       |       ||    95
       Plate armour      |     1 |       |   287 |   411 |   120 ||   819
       Skin              |       |       |       |     2 |       ||     2
       Gold dragon scale |       |       |       |       |    15 ||    15
Dodge: Dodged            |    16 |    14 |   116 |   226 |    97 ||   469
Block: Kite shield       |    46 |    37 |   308 |   488 |   154 ||  1033
